 Dungeon Crawl Stone Soup version 0.26-a0-1060-g086102a3f0 (webtiles) character file.

Game seed: 15891129838070846508

530 Dracia the Chiller (level 7, 0/46 HPs)
             Began as a Merfolk Ice Elementalist on Dec 13, 2020.
             Killed from afar by an orc wizard (5 damage)
             ... with a puff of flame
             ... on level 4 of the Dungeon.
             The game lasted 00:08:09 (4761 turns).

Dracia the Chiller (Merfolk Ice Elementalist)       Turns: 4761, Time: 00:08:09

Health: 0/46       AC:  3    Str: 10    XL:     7   Next: 24%
Magic:  7/10       EV: 12    Int: 14    God:
Gold:   142        SH:  0    Dex: 15    Spells: 3/10 levels left

rFire    . . .     SeeInvis .   v - +1 spear (vamp)
rCold    . . .     Faith    .   (no shield)
rNeg     . . .     Spirit   .   f - +0 leather armour
rPois    .         Reflect  .   (no helmet)
rElec    .         Harm     .   (no cloak)
rCorr    .         Rampage  .   (no gloves)
Will     .....                  (no boots)
Stlth    ++........             (no amulet)
HPRegen  0.15/turn              (no ring)
MPRegen  0.12/turn              (no ring)

@: lethally poisoned (0 -> -2), frozen ramparts
A: change form in water, swift swim, stealthy swim
a: no special abilities


You were on level 4 of the Dungeon.
You visited 1 branch of the dungeon, and saw 4 of its levels.

You collected 142 gold pieces.


   Skills:
 + Level 2.0 Polearms
 - Level 2.6 Dodging
 - Level 2.1 Stealth
 - Level 5.1 Unarmed Combat
 - Level 2.2 Spellcasting
 + Level 7.3 Ice Magic


You had 3 spell levels left.
You knew the following spells:

 Your Spells              Type           Power        Failure   Level
o - Ozocubu's Armour      Ice            ###.....     4%          3
r - Frozen Ramparts       Ice            ###...       4%          3
z - Freeze                Ice            ###.         1%          1

Your spell library contained the following spells:

 Spells                   Type           Power        Failure   Level
 Ensorcelled Hibernation  Hex/Ice        ##....       11%         2
 Corona                   Hex            #......      32%         1
 Confusing Touch          Hex            #.......     67%         3
 Dazzling Flash           Conj/Hex       #.....       67%         3
 Tukima's Dance           Hex            #.......     67%         3
 Hailstorm                Conj/Ice       ##......     56%         4
 Summon Ice Beast         Ice/Summ       ##......     56%         4

Inventory:

Hand Weapons
 b - a +0 spear
 t - a +0 trident
 v - a +1 vampiric spear (weapon)
Missiles
 j - 16 poisoned darts
Armour
 a - a +0 robe
 f - a +0 leather armour (worn)
Scrolls
 e - 6 scrolls of remove curse {unknown}
 g - a scroll of fear {unknown}
 h - 5 scrolls of identify {unknown}
 i - a scroll of teleportation {unknown}
 k - 3 scrolls of enchant weapon {unknown}
 l - 3 scrolls of amnesia {unknown}
 n - 2 scrolls of blinking {unknown}
 o - 2 scrolls of noise {unknown}
 q - a scroll of fog {unknown}
 s - a scroll of enchant armour {unknown}
Potions
 c - 5 potions of heal wounds {@q2@q2}
 d - 3 potions of curing {unknown}
 m - a potion of lignification {unknown}
 p - a potion of flight {unknown}
 r - a potion of resistance {unknown}
 u - a potion of mutation {unknown}

Dungeon Overview and Level Annotations

Branches:
Dungeon (4/15)
 Temple: D:4-7

Altars:
Sif Muna
Xom
Zin

Annotations:
D:4 Menkaure

### #.. # #.#.#
#.#.#.#
###.#.#o#.#.#
......M@...>#
###...#.#.#####
#...#)#.....
#...#.#..##
#####...#....#
#.[.....####.#
#.......†))..#
#.......########
#.......'...)...


You could see Menkaure and an orc wizard.


Message History

You hit the orc.
The orc is heavily wounded.
You hit the orc but do no damage.
The orc is heavily wounded.
The orc barely misses you.
Casting: Frozen Ramparts (dangerous; 4% risk of failure)
Confirm with . or Enter, or press ? or * to list all spells.
Casting: Frozen Ramparts (dangerous; 4% risk of failure)
Press: ? - help, Dir - look around The walls around you are covered in ice.
Menkaure resists.
The wall freezes Menkaure.
The wall freezes the orc.
You kill the orc!
The wall freezes the orc wizard.
The orc wizard completely misses you.
Reach: v) +1 spear (vamp)
Press: ? - help, Dir - move target, f - Menkaure
Aim: Menkaure (lightly damaged)
You reach to attack!
You barely miss Menkaure.
Menkaure is lightly damaged.
Menkaure resists.
The wall freezes Menkaure.
The wall freezes the orc wizard.
The orc wizard hits you with a +2 dagger of venom.
You are poisoned.
You hit Menkaure.
Menkaure is heavily damaged.
You feel sick.
Menkaure resists.
The wall freezes Menkaure.
Menkaure hits you!!
Ouch! That really hurt!
* * * LOW HITPOINT WARNING * * *
The wall freezes the orc wizard.
The orc wizard casts a spell at you. The puff of flame hits you.
You die...

Skill      XL: |  1  2  3  4  5  6  7 |
---------------+----------------------+-----
Unarmed Combat | 1 2 3 4 5 |  5.1
Ice Magic      | 5 6 7 |  7.3
Polearms       | 2 |  2.0
Dodging        | |  2.6
Stealth        | |  2.1
Spellcasting   | |  2.2

Action                   |  1- 3 |  4- 6 |  7- 9 || total
-------------------------+-------+-------+-------++-------
Melee: Unarmed           |     2 |       |       ||     2
       Spear             |    44 |   128 |     6 ||   178
       Punch             |       |     2 |     1 ||     3
       Trident           |       |    70 |    16 ||    86
 Cast: Freeze            |    35 |     8 |       ||    43
       Frozen Ramparts   |       |     5 |     3 ||     8
       Ozocubu's Armour  |       |     1 |       ||     1
  Use: Potion            |       |     1 |       ||     1
 Stab: Sleeping          |     6 |     3 |       ||     9
       Distracted        |       |     1 |       ||     1
Armor: Leather armour    |    10 |    28 |       ||    38
Dodge: Dodged            |    34 |   111 |     7 ||   152

Levels and vault maps discovered:
D:1:      lemuel_arrival_room, layout_basic, hangedman_decor_push
D:2:      layout_loops_ring, grunt_temple_overflow_order_and_chaos_1,
          kennysheep_generic_room_7
D:3:      minmay_door_path, layout_loops_ring, led_sif_pool
D:4:      layout_basic, lemuel_round_altar, gammafunk_ghost_split, uniq_grinder,
          uniq_menkaure

Notes
Turn   | Place    | Note
-------+----------+-------------------------------------------
     0 | D:1      | Dracia the Merfolk Ice Elementalist began the quest for the
                  | Orb.
     0 | D:1      | Reached XP level 1. HP: 13/13 MP: 3/3
   178 | D:1      | Reached XP level 2. HP: 17/19 MP: 3/5
   285 | D:1      | Reached skill level 1 in Unarmed Combat
   630 | D:1      | Reached XP level 3. HP: 24/24 MP: 2/6
   634 | D:1      | Learned a level 3 spell: Ozocubu's Armour
   827 | D:1      | Reached skill level 5 in Ice Magic
  1428 | D:2      | Reached skill level 2 in Unarmed Combat
  1692 | D:2      | Reached XP level 4. HP: 30/30 MP: 7/7
  1998 | D:2      | Noticed an angel
  1999 | D:2      | Found a glowing silver altar of Zin.
  2001 | D:2      | Found a shimmering altar of Xom.
  2973 | D:3      | Learned a level 3 spell: Frozen Ramparts
  3167 | D:3      | Reached skill level 3 in Unarmed Combat
  3167 | D:3      | Reached XP level 5. HP: 17/35 MP: 3/8
  3935 | D:3      | Found a shimmering blue altar of Sif Muna.
  4069 | D:4      | Reached skill level 6 in Ice Magic
  4086 | D:4      | Reached skill level 4 in Unarmed Combat
  4086 | D:4      | Reached XP level 6. HP: 10/41 MP: 3/9
  4390 | D:4      | Noticed Grinder
  4405 | D:4      | HP: 1/41 [Grinder (6)]
  4418 | D:4      | Killed Grinder
  4419 | D:4      | Reached skill level 5 in Unarmed Combat
  4419 | D:4      | Reached skill level 7 in Ice Magic
  4419 | D:4      | Reached XP level 7. HP: 17/46 MP: 5/10
  4693 | D:4      | Reached skill level 1 in Polearms
  4700 | D:4      | Reached skill level 2 in Polearms
  4740 | D:4      | Noticed Menkaure
  4761 | D:4      | Killed from afar by an orc wizard

Vanquished Creatures
  Grinder (D:4)
  2 howler monkeys (D:4)
  An orc priest (D:4)
  2 orc wizards
  3 adders
  4 gnolls (D:4)
  An ufetubus (D:2)
  An ooze (D:1)
  A worm (D:2)
  4 dart slugs
  2 leopard geckos (D:2)
  12 orcs
  3 ball pythons
  4 giant cockroaches
  9 goblins
  8 hobgoblins
  8 kobolds
  A quokka (D:3)
  9 bats
  5 frilled lizards
  9 rats
90 creatures vanquished.

Table legend: (Time is in decaauts)
 A = Elapsed time spent in this place.
 B = Non-inter-level travel time spent in this place.
 C = Inter-level travel time spent in this place.
 D = Time resting spent in this place.
 E = Time spent auto-exploring this place.
 F = Levels seen in this place.
 G = Mean time per level.
                   A        B        C        D        E       F      G
               +--------+--------+--------+--------+--------+-----+--------+
         Total |   4801 |   4732 |     69 |   1168 |   2889 |   4 | 1200.2 |
       Dungeon |   4801 |   4732 |     69 |   1168 |   2889 |   4 | 1200.2 |
               +--------+--------+--------+--------+--------+-----+--------+

Top non-repeatable levels by time:
     D:3: 1751 daAuts
     D:2: 1293 daAuts
     D:1: 1041 daAuts
     D:4: 715 daAuts

Table legend:
 A = Non-vault XP
 B = Vault XP
 C = Vault XP percentage of total XP
 D = Non-vault monster count
 E = Vault monster count
 F = Vault count percentage of total count
                 A         B        C        D         E       F
            +---------+---------+-------+---------+---------+-------
      Total |     470 |     288 |  38.0 |      85 |       5 |   5.6
            +---------+---------+-------+---------+---------+-------
        D:1 |      46 |       0 |   0.0 |      23 |       0 |   0.0
        D:2 |      32 |      19 |  37.3 |      17 |       2 |  10.5
        D:3 |     118 |       2 |   1.7 |      30 |       2 |   6.2
        D:4 |     274 |     267 |  49.4 |      15 |       1 |   6.2
            +---------+---------+-------+---------+---------+-------
